 Dungeon Crawl Stone Soup version 0.32-a0-684-g7bd404c (webtiles) character file.

Game seed: 9916799315555447901

631 PiplupKawaii the Geomancer (level 7, 0/36 HPs)
             Began as a Gargoyle Earth Elementalist on Mar 12, 2024.
             Killed by divine providence
             ... invoked by an orc priest
              (14 damage)
             ... on level 3 of the Dungeon.
             The game lasted 00:05:23 (3067 turns).

PiplupKawaii the Geomancer (GrEE)                   Turns: 3067, Time: 00:05:23

Health: 0/36       AC:  6    Str: 12    XL:     7   Next: 48%
Magic:  10/13      EV: 11    Int: 17    God:
Gold:   83         SH:  0    Dex: 10    Spells: 10/14 levels left

rFire   . . .        (no weapon)
rCold   . . .        (no shield)
rNeg    + . .        a - +0 robe
rPois   ∞            (no helmet)
rElec   +            (no cloak)
rCorr   .            (no gloves)
SInv    .            (no boots)
Will    .....        (no amulet)
Stlth   ++           (no ring)
HPRegen 0.26/turn    (no ring)
MPRegen 0.13/turn

%: no passive effects
@: no status effects
A: sickness immunity, AC +4, negative energy resistance 1, electricity
resistance, torment resistance 1, petrification resistance
a: Convert to Beogh


You were on level 3 of the Dungeon.
You visited 1 branch of the dungeon, and saw 4 of its levels.

You collected 83 gold pieces.

Inventory:

Armour
 a - a +0 robe (worn)
Jewellery
 j - a ring of ice
Wands
 m - a wand of warping (7)
Scrolls
 b - 2 scrolls of teleportation {unknown}
 c - a scroll of identify {unknown}
 d - a scroll of silence {unknown}
 g - a scroll of noise {unknown}
 i - a scroll of vulnerability {unknown}
 k - a scroll of poison {unknown}
Potions
 e - a potion of brilliance {unknown}
 f - a potion of heal wounds {unknown}
 h - a potion of curing {unknown}
 l - a potion of enlightenment {unknown}


   Skills:
 - Level 1.5 Dodging
 - Level 2.1 Stealth
 + Level 4.4 Spellcasting
 - Level 1.1 Conjurations
 * Level 8.6 Earth Magic


You had 10 spell levels left.
You knew the following spells:

 Your Spells              Type           Power      Damage    Failure   Level
a - Sandblast             Erth           66%        2d15      1%          1
b - Stone Arrow           Conj/Erth      40%        3d9       6%          3

Your spell library contained the following spells:

 Spells                   Type           Power      Damage    Failure   Level
 Passwall                 Erth           33%        N/A       1%          3
 Brom's Barrelling Bould  Conj/Erth      20%        2d4       21%         4
 Petrify                  Alch/Erth      18%        N/A       26%         4


Dungeon Overview and Level Annotations

Branches:
Dungeon (4/15) Zot: 20869
 Temple: D:4-7

Altars:
Fedhas

Shops:
D:3 =


Innate Abilities, Weirdness & Mutations

You are immune to sickness and miasma.
Your stone body is resilient. (AC +4)
You are immune to poison.
You resist negative energy. (rN+)
You are resistant to electric shocks. (rElec)
You are resistant to unholy torment.
You are immune to petrification.


Message History

Found 6 boomerangs.
The orc priest shouts!
The kobold shouts!
You hear a shout!
The orc priest calls down the wrath of Beogh upon you.
Beogh smites you!
The orc priest shouts, "Surrender to Beogh and we'll let you live!" (press Y on the ability menu to convert to Beogh)
You take 12 HP, and have [24/36] HP !!!!!
HP Warning !!!!!
There is an open door here.
You close the door.
A kobold opens the door.
The orc priest calls down the wrath of Beogh upon you.
Beogh smites you!
You take 13 HP, and have [13/36] HP !!!!!
HP Warning !!!!!
Casting: Sandblast (safe; 1% risk of failure)
Confirm with . or Enter, or press ? or * to list all spells.
Aiming: Sandblast (safe; 1% risk of failure)
Press: ? - help, Shift-Dir - straight line, f - kobold
Aim: a kobold, wielding a +0 short sword (80% to hit)
The blast of sand hits the kobold!
You kill the kobold!
You lose 1MP, and have [12/13] MP
Casting: Sandblast (safe; 1% risk of failure)
Confirm with . or Enter, or press ? or * to list all spells.
Aiming: Sandblast (safe; 1% risk of failure)
Press: ? - help, Shift-Dir - straight line, f - orc priest
Aim: an orc priest, wielding a +0 hand axe (84% to hit)
The blast of sand hits the orc priest but does no damage.
You lose 1MP, and have [11/13] MP
Casting: Sandblast (safe; 1% risk of failure)
Confirm with . or Enter, or press ? or * to list all spells.
Aiming: Sandblast (safe; 1% risk of failure)
Press: ? - help, Shift-Dir - straight line, f/p - orc priest
Aim: an orc priest, wielding a +0 hand axe (84% to hit)
The blast of sand hits the orc priest!
The orc priest is almost dead.
The orc priest mumbles some strange prayers to Beogh against you.
Beogh smites you!
You die...

........# .... ........#
#######o... .......##
.......... ######.#
#.......(. #.###+####
#.........
######........####)........
.....#........##.o.........
.....#........##.#.........
.....#........#.@#########.
.....#.#+#####..##
.....#.#.# #...##
.....#.#.###.###
#############
.....#.#.##..#
#......†....#
.....#.#.##)##
#..........)# .)...#.#.#..#
#...........# .....#†#.#.##
#...........# #....#†#.#.#
######...........##


You could see an orc priest.

Vanquished Creatures
  Grinder (D:3)
  Sigmund (D:3)
  An ogre (D:4)
  Jessica (D:2)
  Terence (D:2)
  3 adders
  3 dart slugs
  4 ribbon worms (D:2)
  2 orcs (D:3)
  5 bats
  10 endoplasms
  5 giant cockroaches
  3 goblins
  8 hobgoblins
  4 jackals (D:3)
  4 quokkas
  4 ball pythons
  A frilled lizard (D:1)
  8 kobolds
  8 rats
77 creatures vanquished.

Notes
Turn   | Place    | Note
-------+----------+-------------------------------------------
     0 | D:1      | PiplupKawaii the Gargoyle Earth Elementalist began the
                  | quest for the Orb.
     0 | D:1      | Reached XP level 1. HP: 10/10 MP: 3/3
   132 | D:1      | Reached skill level 4 in Earth Magic
   192 | D:1      | Reached XP level 2. HP: 15/15 MP: 1/5
   657 | D:1      | Reached XP level 3. HP: 19/19 MP: 4/6
  1138 | D:2      | Noticed Terence
  1159 | D:2      | Killed Terence
  1160 | D:2      | Reached skill level 5 in Earth Magic
  1271 | D:2      | Reached XP level 4. HP: 24/24 MP: 4/7
  1633 | D:2      | Noticed Jessica
  1635 | D:2      | Killed Jessica
  2257 | D:3      | Reached XP level 5. HP: 28/28 MP: 7/9
  2308 | D:3      | Reached skill level 6 in Earth Magic
  2374 | D:3      | You fall into a shaft and drop 1 floor!
  2403 | D:4      | Noticed an ogre
  2408 | D:4      | Killed an ogre
  2442 | D:4      | Found a blossoming altar of Fedhas.
  2489 | D:3      | Reached XP level 6. HP: 29/32 MP: 8/11
  2577 | D:3      | Noticed Sigmund
  2584 | D:3      | Killed Sigmund
  2585 | D:3      | Reached skill level 7 in Earth Magic
  2667 | D:3      | Noticed Grinder
  2676 | D:3      | Paralysed by Grinder for 5 turns
  2684 | D:3      | Paralysed by Grinder for 2 turns
  2688 | D:3      | Killed Grinder
  2689 | D:3      | Reached skill level 8 in Earth Magic
  2689 | D:3      | Reached XP level 7. HP: 10/36 MP: 4/13
  2812 | D:3      | Found Vicuag's Jewellery Shoppe.
  2855 | D:3      | Learned a level 3 spell: Stone Arrow
  3067 | D:3      | Killed from afar by an orc priest

Illustrated notes

Levels and vault maps discovered:
D:1:      elethiomel_arrival_shortcut, layout_loops_cross, roderic_lattice_a,
          hangedman_decor_diamond_cutter
D:2:      layout_basic, uniq_jessica, uniq_terence
D:3:      layout_basic, mainiacjoe_overflow_alcove_3, serial_shops,
          nicolae_shop_real_fake_doors, uniq_sigmund, uniq_grinder
D:4:      layout_rooms, fedhas_altar_1, minivault_27

Skill      XL: |  1  2  3  4  5  6 |
---------------+-------------------+-----
Earth Magic    | 4 5 6 8 |  8.6
Spellcasting   | 3 4 |  4.4
Dodging        | |  1.5
Stealth        | |  2.1
Conjurations   | |  1.1

Action                     |  1- 3 |  4- 6 |  7- 9 || total
---------------------------+-------+-------+-------++-------
   Cast: Sandblast         |    49 |    61 |    16 ||   126
  Evoke: Wand              |       |    11 |       ||    11
    Use: Potion            |     1 |       |       ||     1
 Armour: Robe              |    10 |    37 |     2 ||    49
  Dodge: Dodged            |    21 |    36 |     6 ||    63

Table legend: (Time is in decaauts)
 A = Elapsed time spent in this place.
 B = Non-inter-level travel time spent in this place.
 C = Inter-level travel time spent in this place.
 D = Time resting spent in this place.
 E = Time spent auto-exploring this place.
 F = Levels seen in this place.
 G = Mean time per level.
                   A        B        C        D        E       F      G
               +--------+--------+--------+--------+--------+-----+--------+
         Total |   3129 |   3093 |     36 |      0 |   2633 |   4 |  782.2 |
       Dungeon |   3129 |   3093 |     36 |      0 |   2633 |   4 |  782.2 |
               +--------+--------+--------+--------+--------+-----+--------+

Top non-repeatable levels by time:
     D:2: 1157 daAuts
     D:1: 1102 daAuts
     D:3: 762 daAuts
     D:4: 107 daAuts
